 Dungeon Crawl Stone Soup version 0.31-a0-188-g5e087ee2ca (webtiles) character file.

Game seed: 9320469520531385378

333863 juan097 the Severer (level 22, -22/161 (180) HPs)
             Began as a Formicid Fighter on June 23, 2023.
             Was the Champion of Ru.
             Annihilated by an iron giant
             ... wielding a +0 giant club
              (30 damage)
             ... on level 1 of the Depths.
             The game lasted 02:32:58 (58721 turns).

juan097 the Severer (Formicid Fighter)             Turns: 58721, Time: 02:32:58

HP:   -22/161 (180) AC: 31    Str: 32    XL:     22   Next: 81%
MP:   19/26         EV: 17    Int: 10    God:    Ru [******]
Gold: 1711          SH: 14    Dex: 15    Spells: 21/27 levels left

rFire   + . .        a - +3 battleaxe (freeze)
rCold   + . .        X - +0 kite shield {reflect}
rNeg    . . .        P - +4 plate armour {rC+}
rPois   .            (helmet unavailable)
rElec   +            V - +1 cloak
rCorr   .            Y - +2 pair of gloves
SInv    +            e - +2 pair of boots {Stlth+}
Will    ++...        q - amulet of Xyzaarph {Faith rElec Str+4} Stlth
                     w - +5 ring of evasion {=R}
HPRegen 0.00/turn    y - ring of protection from fire
MPRegen 0.20/turn

%: reflection, faith
@: exhausted, wereblooded, horrified, inhibited regen, heavily drained, unable
to read
A: permanent stasis, dig shafts and tunnels, antennae 3, inability to read after
injury 2, hated by all, cowardly, no hexes magic, no poison magic, no summoning
magic, unskilled 1, missing an eye, four strong arms, inhibited regeneration
}: 2/15 runes: decaying, gossamer
a: Dig, Shaft Self, Renounce Religion, Draw Out Power, Power Leap, Apocalypse


You were on level 1 of the Depths.
You worshipped Ru.
Ru was exalted by your worship.
You visited 8 branches of the dungeon, and saw 36 of its levels.
You also visited: Sewer and Ice Cave.

You collected 3990 gold pieces.
You spent 2279 gold pieces at shops.

Inventory:

Hand Weapons
 a - a +3 battleaxe of freezing (weapon)
 b - the +2 arbalest of Absolution {freeze, Dex+3}
   (You bought it in a shop on level 12 of the Dungeon)

   Dex:       It affects your dexterity (+3).
Missiles
 n - a throwing net
 x - 3 datura-tipped darts
 z - 30 boomerangs (quivered)
 K - 2 curare-tipped darts
 R - 9 javelins
 T - 10 silver boomerangs
Armour
 e - a +2 pair of boots of stealth (worn)
 P - a +4 plate armour of cold resistance (worn)
 Q - a +4 plate armour of poison resistance
 V - a +1 cloak (worn)
 X - a +0 kite shield of reflection (worn)
 Y - a +2 pair of gloves (worn)
Jewellery
 q - the amulet of Xyzaarph (around neck) {Faith rElec Str+4}
   (You found it on level 3 of the Lair of Beasts)

   [amulet of faith]

   It allows you to gain divine favour quickly.
   Str:       It affects your strength (+4).
   rElec:     It insulates you from electricity.
 w - a +5 ring of evasion (left hand) {=R}
 y - a ring of protection from fire (right hand)
 G - a ring of willpower
 H - a ring of protection from cold
 L - the ring of Taub Gyra {Wiz Fly rN+}
   (You found it on level 6 of the Dungeon)

   [ring of wizardry]

   It improves your spell success rate.
   rN:        It protects you from negative energy.
   Fly:       It grants you flight.
 S - a ring of resist corrosion
Wands
 c - a wand of paralysis (20)
 i - a wand of mindburst (7)
 j - a wand of acid (29)
 J - a wand of iceblast (18)
 O - a wand of flame (38)
 W - a wand of digging (20)
Scrolls
 f - a scroll of enchant weapon
 g - a scroll of brand weapon
 o - 5 scrolls of identify
 p - 7 scrolls of immolation
 t - 4 scrolls of fog
 C - 12 scrolls of poison
 D - 5 scrolls of enchant armour
 I - 3 scrolls of silence
 N - 3 scrolls of revelation
 Z - 7 scrolls of fear
Potions
 d - 2 potions of might
 l - a potion of invisibility
 m - 3 potions of enlightenment
 r - 6 potions of attraction
 s - 2 potions of resistance
 u - 3 potions of lignification
 v - 2 potions of magic
 A - 6 potions of curing
 E - 3 potions of cancellation
 F - a potion of heal wounds
 U - 19 potions of ambrosia
Miscellaneous
 h - a lightning rod (4/4)
 B - a phial of floods (inert)
 M - a tin of tremorstones (2/2)


   Skills:
 + Level 16.8 Fighting
 - Level 20.0 Axes
 - Level 6.0 Ranged Weapons
 - Level 10.0 Throwing
 + Level 16.8 Armour
 + Level 7.7 Dodging
 - Level 6.0 Stealth
 - Level 16.0 Shields
 - Level 3.0 Spellcasting
 - Level 8.0 Transmutations
 - Level 12.0 Evocations


You had 21 spell levels left.
You knew the following spells:

 Your Spells              Type           Power      Damage    Failure   Level
a - Passage of Golubria   Tloc           1%         N/A       100%        4
b - Wereblood             Tmut           13%        N/A       10%         2

Your spell library contained the following spells:

 Spells                   Type           Power      Damage    Failure   Level
 Beastly Appendage        Tmut           26%        N/A       6%          1
 Magic Dart               Conj           4%         1d3       86%         1
 Blade Hands              Tmut           6%         N/A       86%         5
 Lesser Beckoning         Tloc           2%         N/A       94%         2
 Momentum Strike          Conj/Tloc      2%         3d8       94%         2
 Sublimation of Blood     Necr           1%         N/A       94%         2
 Ice Form                 Ice/Tmut       7%         N/A       97%         4
 Petrify                  Tmut/Erth      7%         N/A       97%         4
 Gell's Gravitas          Tloc           1%         N/A       99%         3
 Ozocubu's Armour         Ice            1%         N/A       99%         3
 Teleport Other           Tloc           1%         N/A       99%         3
 Volatile Blastmotes      Fire/Tloc      2%         2d10      99%         3
 Iskenderun's Mystic Bla  Conj/Tloc      1%         2d3       100%        4
 Borgnjor's Vile Clutch   Necr/Erth      0%         N/A       100%        5
 Fireball                 Conj/Fire      0%         3d3       100%        5
 Irradiate                Conj/Tmut      3%         3d12      100%        5
 Lee's Rapid Deconstruct  Erth           0%         3d4*      100%        5
 Dispersal                Tloc           0%         N/A       100%        6
 Starburst                Conj/Fire      0%         6d3       100%        6
 Statue Form              Tmut/Erth      4%         N/A       100%        6
 Dragon Form              Tmut           6%         N/A       100%        7
 Lehudib's Crystal Spear  Conj/Erth      0%         10d2      100%        8
 Spider Form              Tmut/Pois      Unusable   N/A       N/A         3
 Blink                    Tloc           Unusable   N/A       N/A         2
 Call Imp                 Summ           Unusable   N/A       N/A         2
 Dazzling Flash           Conj/Hex       Unusable   N/A       N/A         3
 Mephitic Cloud           Conj/Pois/Air  Unusable   N/A       N/A         3
 Tukima's Dance           Hex            Unusable   N/A       N/A         3
 Animate Armour           Summ/Erth      Unusable   N/A       N/A         4
 Animate Dead             Necr           Unusable   N/A       N/A         4
 Fulminant Prism          Conj/Hex       Unusable   3d5       N/A         4
 Summon Lightning Spire   Summ/Air       Unusable   N/A       N/A         4
 Metabolic Englaciation   Hex/Ice        Unusable   N/A       N/A         5
 Silence                  Hex/Air        Unusable   N/A       N/A         5
 Yara's Violent Unravell  Hex/Tmut       Unusable   3d4       N/A         5
 Death Channel            Necr           Unusable   N/A       N/A         6
 Simulacrum               Ice/Necr       Unusable   N/A       N/A         6

Dungeon Overview and Level Annotations

Branches:
Dungeon (15/15)            Temple (1/1) D:7            Lair (5/5) D:8
  Swamp (4/4) Lair:3       Spider (4/4) Lair:3        Slime (0/5) Lair:5
    Orc (2/2) D:11            Elf (0/3) Orc:2        Vaults (4/5) D:13
  Crypt (0/3) Vaults:3     Depths (1/4) D:15          Sewer (visited)
  IceCv (visited)

Altars:
Ashenzari
Cheibriados
Dithmenos
Elyvilon
Gozag
Kikubaaqudgha
Makhleb
Nemelex Xobeh
Okawaru
Qazlal
Ru
Sif Muna
Trog
Uskayaw
Vehumet
Wu Jian
Xom
Zin
The Shining One

Shops:
D:3 (   D:5 *   D:12 (   Orc:2 ([=   Vaults:1 (   Vaults:4 [?=[:

Annotations:
D:5 1 runed translucent door, knightboat's ghost, novice TeAE
D:11 2 transporters
Swamp:3 3 runed translucent doors, Efairey's ghost, adept DsGl; Varun's ghost, adept AtWr


Innate Abilities, Weirdness & Mutations

You cannot be hasted, slowed, berserked, paralysed or teleported.
You can dig through walls and to a lower floor.
You have a pair of large antennae on your head. (SInv)
You sometimes lose the ability to read scrolls when taking damage.
You are hated by all.
Your cowardice makes you less effective in combat with threatening foes.
You cannot study or cast Hexes magic.
You cannot study or cast Poison magic.
You cannot study or cast Summoning magic.
You are somewhat unskilled. (-1 Apt)
You are missing an eye, making it more difficult to aim.
Your four strong arms can wield two-handed weapons with a shield.
You do not regenerate when monsters are visible.


Message History

You hit the iron giant. You freeze the iron giant.
The iron giant is almost dead.
The iron giant casts a spell at you.
Your +0 kite shield of reflection blocks the iron shot... and reflects it back!
The iron shot hits the iron giant!
You slash the iron giant! You freeze the iron giant.
The iron giant is almost dead.
You closely miss the deep troll.
You howl as the wereblood boils in your veins!
The deep troll completely misses you. The deep troll claws you.
* * * LOW HITPOINT WARNING * * *
You block the deep troll's attack.
The iron giant hits you with a +0 giant club.
* * * LOW HITPOINT WARNING * * *
You hit the iron giant but do no damage.
The iron giant is almost dead.
You slash the deep troll! You freeze the deep troll.
You block the deep troll's attack. The deep troll misses you. x2
You block the iron giant's attack.
You barely miss the iron giant.
The iron giant is almost dead.
You barely miss the deep troll.
You hit the iron giant but do no damage.
The iron giant is almost dead.
You closely miss the deep troll. You block the deep troll's attack.
The deep troll claws you!
* * * LOW HITPOINT WARNING * * *
You block the deep troll's attack. The iron giant closely misses you.
You feel much better.
The deep troll is no longer paralysed.
The deep troll misses you. You block the deep troll's attack.
The deep troll claws you!
* * * LOW HITPOINT WARNING * * *
The iron giant hits you with a +0 giant club!!
* * * LOW HITPOINT WARNING * * *
Okay, then.
Unknown command.
You block the deep troll's attack. The deep troll closely misses you.
You block the deep troll's attack.
The iron giant hits you with a +0 giant club!!
You die...

#........###......†.#.#...
#.................#.#.#.#.
#........>.......##[#{..#T
#.................D.{{..T.
#............#.##{#.#{#...
#............#..#{#.#.#.#.
######'......#..#{#.#.#.##
#.#.C......#.#.#.#..
#.#.@♣...♣.#.#.#.###
......T.(.......#.#.# {
......♣...>...♣.#.#.#
................#
........♣...♣[#.#
#[.#.#[.[..[[<..# ....
[.....[)##...# ....
#............#
.....#''######


You could see an iron giant and a deep troll.

Vanquished Creatures
  A juggernaut (D:15)
  Rupert (D:15)
  Jorgrun (Swamp:1)
  2 sphinxes (Vaults:4)
  2 tengu reavers
  An ancient champion (Vaults:3)
  3 thorn hunters
  The ghost of Jufurghi the Alchemist, an adept OpTm of Gozag (Spider:3)
  Donald (Vaults:3)
  Roxanne (Swamp:1)
  A frost giant (Vaults:1)
  3 fire giants
  Louise (Spider:4)
  9 vault wardens
  2 ghouls
  A ghost moth (Spider:4)
  6 orc warlords
  3 very ugly things
  18 ironbound preservers
  3 ironbound thunderhulks
  2 eleionomae
  2 bunyips
  11 dire elephants
  A deep elf annihilator (Vaults:3)
  5 spark wasps
  An ettin (shapeshifter) (Vaults:1)
  2 crystal guardians (Vaults:4)
  2 ettins (Depths:1)
  2 shambling mangroves
  12 yaktaur captains
  4 fire dragons
  12 entropy weavers
  Josephine (D:14)
  An ice dragon (D:15)
  4 great orbs of eyes
  16 vault guards
  21 hydras
  2 peacekeepers
  A ghost crab (Swamp:3)
  A caustic shrike simulacrum (IceCv)
  A jorogumo (Spider:1)
  5 radroaches
  12 centaur warriors
  A catoblepas (Lair:1)
  7 ironbound frosthearts
  2 spriggan air magi
  7 boulder beetles
  12 alligators
  4 deep troll shamans (Depths:1)
  A two-headed ogre (Orc:1)
  9 demonic crawlers
  6 death yaks (Lair:4)
  2 vampire magi (Vaults:3)
  2 spriggan berserkers (Swamp:2)
  5 deep troll earth magi (Depths:1)
  3 iron trolls
  3 skeletal warriors (D:15)
  2 sun moths
  A fire crab (shapeshifter) (D:14)
  A skyshark (Lair:5)
  A death drake (shapeshifter) (D:14)
  A glowing orange brain (Vaults:4)
  3 goliath frogs
  8 pharaoh ants
  4 spriggan druids
  16 orb spiders
  A death drake (Swamp:1)
  38 deep trolls
  15 swamp dragons
  6 bog bodies
  17 ironbound convokers
  A deep elf archer (D:14)
  9 wizards
  15 lindwurms
  3 orc sorcerers
  9 steelbarb worms
  19 orc knights
  7 harpies (Vaults:1)
  3 necromancers
  An orange crystal statue (IceCv)
  26 wolf spiders
  Pikel (D:5)
  3 deep elf pyromancers
  7 cyclopes
  35 ugly things
  4 will-o-the-wisps
  5 manticores
  3 oklob plants
  4 moths of wrath
  4 black mambas
  A guardian serpent (shapeshifter) (D:15)
  A stone giant skeleton (Vaults:3)
  12 elephants
  13 torpor snails
  A black mamba (shapeshifter) (D:14)
  8 cane toads
  13 vault sentinels
  2 gargoyles
  5 rime drakes
  3 unseen horrors
  3 human zombies (Vaults:3)
  9 komodo dragons
  A kobold demonologist (D:11)
  2 freezing wraiths (IceCv)
  An anaconda simulacrum (IceCv)
  2 efreet (D:14)
  22 yaktaurs
  2 tengu conjurers (D:14)
  14 meliai
  9 trolls
  2 queen bees
  Grinder (D:4)
  13 polar bears
  11 tyrant leeches
  30 blink frogs
  25 hornets
  22 tarantellas
  Prince Ribbit (D:8)
  6 dream sheep
  2 raiju (Lair:5)
  21 jumping spiders
  A yak (shapeshifter) (D:14)
  A centaur simulacrum (D:15)
  7 wyverns
  8 slime creatures
  32 culicivoras
  12 spriggans
  64 yaks
  2 shadows
  9 wraiths
  Eustachio (D:5)
  12 basilisks
  2 steam dragons (Lair:3)
  55 redbacks
  12 vampire mosquitoes
  8 humans (D:13)
  17 swamp worms
  Edmund (D:6)
  9 wargs
  An acid dragon (D:9)
  2 harpy simulacra (IceCv)
  15 hell hounds (Lair:5)
  16 water moccasins
  14 swamp drakes
  A hydra simulacrum (IceCv)
  A sky beast (D:6)
  Pargi (Sewer)
  35 orc warriors
  2 ettin simulacra (IceCv)
  12 black bears
  24 wolves
  A human skeleton (Vaults:3)
  12 centaurs
  4 ogres
  11 bullfrogs
  A kobold brigand (D:6)
  2 necrophages (Swamp:4)
  4 scorpions
  A wight (D:8)
  52 killer bees
  2 electric eels
  5 howler monkeys
  2 jellies
  15 orc priests
  2 hounds
  2 gnoll boudas
  2 iguanas
  A sleepcap (D:4)
  Natasha (thrice) (D:3)
  22 orc wizards
  6 hell rats (Lair:3)
  18 gnolls
  8 adders
  A river rat (Lair:3)
  A shadow imp (D:6)
  2 white imps
  3 ufetubi (D:4)
  A worm (D:4)
  4 dart slugs
  81 orcs
  7 ball pythons
  2 bats
  8 endoplasms
  6 giant cockroaches
  7 goblins
  4 hobgoblins
  12 jackals
  5 quokkas
  3 training dummies (D:12)
  5 frilled lizards
  17 kobolds
  7 rats
1506 creatures vanquished.

Vanquished Creatures (others)
  Nikola (Vaults:3)
  Frances (D:14)
  A thorn hunter (Swamp:4)
  A tengu reaver (Vaults:1)
  The ghost of Goud the Frost Mage, an adept BaIE of Cheibriados (Swamp:1)
  3 vault wardens
  A war gargoyle (Vaults:3)
  An ironbound preserver (Vaults:4)
  A spark wasp (Spider:2)
  A dire elephant (Vaults:2)
  Snorg (D:14)
  2 entropy weavers
  3 hydras
  A vault guard (D:13)
  A radroach (Spider:4)
  A centaur warrior (D:14)
  A two-headed ogre (D:12)
  2 spriggans (Swamp:1)
  A sun moth (Spider:4)
  An ironbound convoker (Vaults:3)
  An ugly thing (Depths:1)
  A moth of wrath (shapeshifter) (D:14)
  An orc sorcerer (Orc:1)
  2 cyclopes (D:14)
  3 wolf spiders
  A yaktaur (Vaults:4)
  An anaconda simulacrum (IceCv)
  A hornet (Swamp:1)
  A tyrant leech (Lair:5)
  3 bloated husks (Swamp:2)
  A blink frog (Lair:5)
  3 jumping spiders
  A yak (Lair:3)
  A wyvern (Lair:4)
  A vampire mosquito (D:11)
  3 redbacks
  3 orc warriors
  A wolf (Lair:5)
  A centaur (D:15)
  A killer bee (Lair:3)
  3 orcs
  23 foxfires
83 creatures vanquished.

Grand Total: 1589 creatures vanquished

Notes
Turn   | Place    | Note
-------+----------+-------------------------------------------
     0 | D:1      | juan097 the Formicid Fighter began the quest for the Orb.
     0 | D:1      | Reached XP level 1. HP: 18/18 MP: 1/1
   121 | D:1      | Reached skill level 1 in Stealth
   121 | D:1      | Reached XP level 2. HP: 20/24 MP: 2/2
   164 | D:1      | Reached XP level 3. HP: 29/29 MP: 3/3
   931 | D:2      | Reached XP level 4. HP: 37/37 MP: 4/4
  1583 | D:2      | Reached XP level 5. HP: 29/42 MP: 5/5
  1982 | D:3      | Found Wosofritz's Antique Weapon Shop.
  1994 | D:3      | Noticed Natasha
  2000 | D:3      | Killed Natasha
  2001 | D:3      | Reached skill level 5 in Shields
  2020 | D:3      | Reached skill level 3 in Axes
  2030 | D:3      | Noticed Natasha
  2036 | D:3      | Killed Natasha
  2078 | D:3      | Noticed Natasha
  2090 | D:3      | Killed Natasha
  2091 | D:3      | Reached XP level 6. HP: 39/48 MP: 6/6
  2722 | D:4      | Reached skill level 4 in Axes
  2909 | D:4      | Reached XP level 7. HP: 54/54 MP: 7/7
  2978 | D:4      | Found an ornate altar of the Wu Jian Council.
  3002 | D:4      | Reached skill level 5 in Axes
  3015 | D:4      | Noticed Grinder
  3161 | D:5      | Entered Level 5 of the Dungeon
  3236 | D:5      | Found Mygor's General Store.
  3288 | D:5      | Bought a scroll of poison for 48 gold pieces
  3447 | D:5      | Reached skill level 6 in Axes
  3518 | D:5      | Noticed Eustachio
  3535 | D:5      | Killed Eustachio
  3536 | D:5      | Reached XP level 8. HP: 35/59 MP: 2/8
  3735 | D:5      | Reached skill level 7 in Axes
  4164 | D:5      | Found a runed translucent door.
  4199 | D:6      | Reached skill level 8 in Axes
  4255 | D:6      | Reached skill level 1 in Evocations
  4494 | D:6      | Reached skill level 1 in Dodging
  4509 | D:6      | Found a glowing drain.
  4546 | D:6      | Noticed Edmund
  4549 | D:6      | Reached XP level 9. HP: 52/66 MP: 9/9
  4551 | Sewer    | Entered a sewer
  4636 | Sewer    | Noticed Pargi
  4649 | Sewer    | Killed Pargi
  4780 | D:6      | Killed Edmund
  4953 | D:6      | Reached skill level 5 in Fighting
  5159 | D:6      | Found a blossoming altar of Fedhas.
  5159 | D:6      | Found a broken altar of Ashenzari.
  5212 | D:6      | Found a sparkling altar of Nemelex Xobeh.
  5374 | D:6      | Identified the ring of Taub Gyra {Wiz Fly rN+}
  5617 | D:7      | Reached skill level 5 in Armour
  5868 | D:7      | Identified the +1 spear of Stickiness {heavy, *Rage rElec
                  | rPois}
  5900 | D:7      | Found a white marble altar of Elyvilon.
  5945 | D:7      | Found a staircase to the Ecumenical Temple.
  6002 | Temple   | Entered the Ecumenical Temple
  6442 | Temple   | Became a worshipper of Ru the Awakened
  6501 | D:5      | Noticed knightboat's ghost (novice TeAE)
  6563 | D:5      | Noticed Pikel
  6732 | D:5      | Killed Pikel
  6905 | D:4      | Killed Grinder
  6906 | D:4      | Reached skill level 9 in Axes
  6906 | D:4      | Reached XP level 10. HP: 74/76 MP: 10/10
  7580 | D:8      | Identified the +0 robe "Laqirem" {rF+ rN+}
  7655 | D:8      | Reached skill level 10 in Axes
  7680 | D:8      | Found a staircase to the Lair.
  7763 | D:8      | Noticed Prince Ribbit
  7776 | D:8      | Killed Prince Ribbit
  8120 | Lair:1   | Entered Level 1 of the Lair of Beasts
  8148 | Lair:1   | Gained mutation: You are somewhat unskilled. (-1 Apt) [Ru
                  | sacrifice]
  8148 | Lair:1   | Reduced skill Axes to level 9
  8148 | Lair:1   | Reduced skill Armour to level 5
  8148 | Lair:1   | Reduced skill Shields to level 5
  8148 | Lair:1   | Reached * piety under Ru
  8152 | Lair:1   | Noticed a komodo dragon
  8169 | Lair:1   | Killed a komodo dragon
  8291 | Lair:1   | Noticed a catoblepas
  8306 | Lair:1   | Reached skill level 10 in Axes
  8341 | Lair:1   | Killed a catoblepas
  8342 | Lair:1   | Reached XP level 11. HP: 11/84 MP: 1/11
  8760 | Lair:1   | Reached skill level 11 in Axes
  9512 | Lair:1   | Reached skill level 12 in Axes
  9980 | Lair:2   | HP: 4/84 [poisoned by a cane toad]
 10260 | Lair:2   | Noticed an oklob plant
 10290 | Lair:2   | Noticed an elephant
 10290 | Lair:2   | Noticed an elephant
 10319 | Lair:2   | You are sucked into a shaft and drop 1 floor!
 10422 | Lair:3   | Found a hole to the Spider Nest.
 10422 | Lair:3   | Noticed an orb spider
 10443 | Lair:3   | Killed an orb spider
 10624 | Lair:2   | Reached skill level 13 in Axes
 10682 | Lair:2   | Reached XP level 12. HP: 28/91 MP: 7/12
 11077 | Lair:2   | Reached skill level 14 in Axes
 11386 | Lair:2   | Reached skill level 1 in Ranged Weapons
 11386 | Lair:2   | Gained mutation: You cannot study or cast Poison magic. [Ru
                  | sacrifice]
 11386 | Lair:2   | Gained mutation: You cannot study or cast Hexes magic. [Ru
                  | sacrifice]
 11386 | Lair:2   | Gained mutation: You cannot study or cast Summoning magic.
                  | [Ru sacrifice]
 11386 | Lair:2   | Reached ** piety under Ru
 12212 | D:9      | Found an ancient bone altar of Kikubaaqudgha.
 12216 | D:9      | Found a shimmering blue altar of Sif Muna.
 12372 | D:5      | Bought a +0 kite shield for 54 gold pieces
 13543 | D:10     | Entered Level 10 of the Dungeon
 13746 | D:10     | Identified a scroll of acquirement
 13839 | D:10     | Found a basalt altar of Yredelemnul.
 13841 | D:10     | Found a radiant altar of Vehumet.
 14085 | D:10     | Reached XP level 13. HP: 74/98 MP: 11/13
 14275 | D:10     | Found a bloodstained altar of Trog.
 14632 | D:11     | Reached skill level 5 in Stealth
 14811 | D:11     | Gained mutation: You are missing an eye, making it more
                  | difficult to aim. [Ru sacrifice]
 14811 | D:11     | Reached *** piety under Ru
 15073 | D:11     | Found a transporter.
 15091 | D:11     | Found a transporter.
 15110 | D:11     | Found a transporter.
 15172 | D:11     | Found a transporter.
 15386 | D:11     | Reached skill level 5 in Evocations
 15526 | D:11     | Found a staircase to the Orcish Mines.
 15585 | Orc:1    | Entered Level 1 of the Orcish Mines
 15719 | Orc:1    | Found a burning altar of Makhleb.
 16293 | Orc:2    | Entered Level 2 of the Orcish Mines
 16562 | Orc:2    | Found Ekhlu's Antique Weapon Boutique.
 17321 | Orc:2    | Gained mutation: Your cowardice makes you less effective in
                  | combat with threatening foes. [Ru sacrifice]
 17321 | Orc:2    | Reached **** piety under Ru
 17345 | Orc:2    | Found Satumn's Jewellery Shop.
 17371 | Orc:2    | Found Vaexap's General Store.
 18033 | Orc:2    | Noticed an orc warlord
 18041 | Orc:2    | Found Ogoudyg's Antique Armour Boutique.
 18166 | Orc:2    | Found a staircase to the Elven Halls.
 18410 | Orc:2    | Killed an orc warlord
 18661 | Orc:2    | Bought a runed scarf for 152 gold pieces
 18664 | Orc:2    | Acquired a manual of Armour
 18848 | D:5      | Bought a lightning rod (4/4) for 360 gold pieces
 18848 | D:5      | Bought a phial of floods for 480 gold pieces
 19163 | Lair:3   | Reached XP level 14. HP: 108/108 MP: 14/14
 19454 | Lair:3   | Identified the amulet of Xyzaarph {Faith rElec Str+4}
 19986 | Lair:3   | Reached skill level 15 in Axes
 20533 | Lair:3   | Found a staircase to the Swamp.
 20755 | Lair:4   | Gained mutation: You occasionally lose the ability to read
                  | scrolls when taking damage. [Ru sacrifice]
 20755 | Lair:4   | Gained mutation: You sometimes lose the ability to read
                  | scrolls when taking damage. [Ru sacrifice]
 20755 | Lair:4   | Reached ***** piety under Ru
 21079 | Lair:4   | Reached skill level 10 in Fighting
 21643 | Lair:4   | Reached skill level 10 in Shields
 22026 | Lair:5   | Entered Level 5 of the Lair of Beasts
 22370 | Lair:4   | Reached skill level 16 in Axes
 22598 | Lair:4   | Reached XP level 15. HP: 105/115 MP: 15/15
 22844 | Lair:5   | Gained mutation: You are hated by all. [Ru sacrifice]
 22844 | Lair:5   | Reached ****** piety under Ru
 22861 | Lair:5   | Found a staircase to the Slime Pits.
 23412 | Lair:5   | Reached skill level 10 in Armour
 23963 | Lair:5   | Identified the +3 scale mail of Okawaru's Inspiration
                  | {SInv}
 24284 | Lair:5   | Found a runed translucent door.
 25842 | D:12     | Found Loyfadel's Firing Range.
 25936 | D:12     | Bought the +2 arbalest of Absolution {freeze, Dex+3} for
                  | 408 gold pieces
 26446 | D:12     | Reached XP level 16. HP: 107/111 MP: 16/16
 27706 | D:13     | Found a gate to the Vaults.
 28136 | D:14     | Noticed Josephine
 28149 | D:14     | Killed Josephine
 28307 | D:14     | Noticed Snorg
 28321 | D:14     | Killed Snorg
 28456 | D:14     | Reached skill level 17 in Axes
 28518 | D:14     | Identified the staff of Spontaneous Combustion {rElec Str+4
                  | Air}
 28531 | D:14     | You fall into a shaft and drop 1 floor!
 28531 | D:15     | Entered Level 15 of the Dungeon
 28545 | D:15     | Identified the +5 trident of Floral Defiance {pain, Str+3}
 28780 | D:15     | Found an iron altar of Okawaru.
 28917 | D:15     | Noticed Rupert
 28934 | D:15     | Killed Rupert
 28935 | D:15     | Reached skill level 5 in Ranged Weapons
 28946 | D:15     | Noticed a fire giant
 28961 | D:15     | Killed a fire giant
 28962 | D:15     | Found a staircase to the Depths.
 29100 | D:15     | Found a frozen archway.
 29113 | IceCv    | Entered an ice cave
 29137 | IceCv    | Found a transporter.
 29150 | IceCv    | Found a transporter.
 29175 | IceCv    | Got the Guidebook on Creeping Concussion
 30040 | Orc:2    | Bought a ring of protection from fire for 325 gold pieces
 30040 | Orc:2    | Bought a ring of protection from cold for 325 gold pieces
 30223 | D:14     | Reached XP level 17. HP: 110/135 MP: 17/17
 30501 | D:14     | Noticed Frances
 30518 | D:14     | Killed Frances
 30906 | D:14     | Learned a level 4 spell: Passage of Golubria
 31504 | Swamp:1  | Entered Level 1 of the Swamp
 31642 | Swamp:1  | Found a runed translucent door.
 31647 | Swamp:1  | Noticed a thorn hunter
 31647 | Swamp:1  | Noticed Goud's ghost (adept BaIE)
 31649 | Swamp:1  | Identified the +11 trident of the Spider {drain, Int+4
                  | Dex-5}
 32064 | Swamp:1  | Identified Roxanne's Grimoire of Metamorphosis
 32064 | Swamp:1  | Noticed Roxanne
 32170 | Swamp:1  | Killed Roxanne
 32184 | Swamp:1  | Learned a level 2 spell: Wereblood
 32280 | Swamp:1  | Noticed Jorgrun
 32316 | Swamp:1  | Killed Jorgrun
 32451 | Swamp:1  | Reached skill level 1 in Transmutations
 32454 | Swamp:1  | Reached skill level 1 in Spellcasting
 34377 | Swamp:3  | Found a runed translucent gate.
 34378 | Swamp:3  | Found a runed translucent gate.
 34385 | Swamp:3  | Found a runed translucent gate.
 34755 | Swamp:3  | Reached skill level 5 in Transmutations
 34858 | Swamp:3  | Reached XP level 18. HP: 71/139 MP: 14/21
 35142 | Swamp:3  | Noticed Efairey's ghost (adept DsGl)
 35143 | Swamp:3  | Noticed Varun's ghost (adept AtWr)
 35160 | Swamp:3  | Identified the +10 falchion "Ysutz" {flame, rF+ Str+2}
 35191 | Swamp:4  | Entered Level 4 of the Swamp
 35424 | Swamp:3  | Reached skill level 18 in Axes
 35898 | Swamp:4  | Got a decaying rune of Zot
 36842 | Swamp:1  | You fall into a shaft and drop 1 floor!
 37203 | Swamp:1  | Killed Goud's ghost
 37499 | Spider:1 | Entered Level 1 of the Spider Nest
 38289 | Spider:1 | Reached skill level 1 in Throwing
 38423 | Spider:1 | Reached skill level 19 in Axes
 39042 | Spider:1 | Reached XP level 19. HP: 147/147 MP: 21/23
 40399 | Spider:2 | Reached skill level 5 in Throwing
 42688 | Spider:3 | Found a runed translucent gate.
 42688 | Spider:3 | Found a runed translucent gate.
 42689 | Spider:3 | Found a runed translucent gate.
 42690 | Spider:3 | Noticed Jufurghi's ghost (adept OpTm)
 42958 | Spider:4 | Entered Level 4 of the Spider Nest
 43146 | Spider:4 | Reached skill level 20 in Axes
 43184 | Spider:4 | Noticed Louise
 43203 | Spider:4 | Killed Louise
 44094 | Spider:4 | Reached skill level 5 in Dodging
 44234 | Spider:4 | Reached XP level 20. HP: 145/160 MP: 21/24
 44585 | Spider:4 | Reached skill level 15 in Armour
 44800 | Spider:4 | Gained mutation: You do not regenerate when monsters are
                  | visible. [mutagenic glow]
 45200 | Spider:4 | Got a gossamer rune of Zot
 45569 | Spider:3 | Killed Jufurghi's ghost
 45573 | Spider:3 | Identified the +0 plate armour of Yredelemnul's Approval
                  | {rN+ Regen+ Stlth+}
 46091 | Vaults:1 | Entered Level 1 of the Vaults
 46350 | Vaults:1 | Reached skill level 15 in Fighting
 46641 | Vaults:1 | Found Jiqiowk's Weapon Shop.
 47795 | Vaults:1 | Reached skill level 10 in Evocations
 48509 | Vaults:1 | Found the +3 Mad Mage's Maulers {Infuse+∞ VampMP -Cast}
 48902 | Vaults:1 | Identified the +0 dagger of Calamity {vamp, Str+4 Dex+6}
 49162 | Vaults:1 | Reached XP level 21. HP: 168/168 MP: 25/25
 49255 | Vaults:1 | Got the Writings on Therianthropy
 51534 | Vaults:2 | Identified the +0 chain mail of Virtue {rC+}
 51882 | Vaults:3 | Reached skill level 15 in Shields
 52663 | Vaults:3 | Identified the +3 leather armour of the Lair of Beasts
                  | {rElec MP+9 Int-3}
 53515 | Vaults:3 | Found a staircase to the Crypt.
 53906 | Vaults:3 | Noticed Donald
 53920 | Vaults:3 | Killed Donald
 54114 | Vaults:3 | Reached XP level 22. HP: 127/163 MP: 26/26
 54580 | Vaults:3 | Noticed Nikola
 54608 | Vaults:3 | Killed Nikola
 54738 | Vaults:3 | Reached skill level 10 in Throwing
 55507 | Vaults:4 | Found Deshray's Armour Shop.
 55588 | Vaults:4 | Found Noliga's Book Shop.
 55609 | Vaults:4 | Identified the +1 plate armour of the Pit {Int+3 Stlth+}
 56367 | Vaults:4 | Found Kidugh's Armour Emporium.
 56468 | Vaults:4 | Found Pukhei's Jewellery Shoppe.
 56527 | Vaults:4 | Found Tuim's Magic Scroll Boutique.
 56535 | Vaults:4 | Bought a scroll of enchant armour for 127 gold pieces
 57157 | Depths:1 | Entered Level 1 of the Depths
 58007 | Depths:1 | Noticed a juggernaut
 58244 | Depths:1 | Identified the +9 great mace of the Bequeathed God {freeze,
                  | rElec Int+4}
 58264 | D:15     | Killed a juggernaut
 58720 | Depths:1 | HP: 8/161 [iron giant/+0 giant club (24)]
 58721 | Depths:1 | Annihilated by an iron giant

Illustrated notes

Levels and vault maps discovered:
D:1:      onia_arrival_mini_maze_b, layout_loops_ring
D:2:      layout_basic
D:3:      layout_rooms, serial_shops, shop, uniq_natasha
D:4:      layout_rooms, mainiacjoe_overflow_chevrons, uniq_grinder
D:5:      layout_basic, serial_shops, nicolae_shop_waterfront,
          gammafunk_ghost_grave, uniq_eustachio, uniq_pikel
D:6:      layout_loops_ring, nicolae_overflow_hidden_temple,
          nicolae_overflow_two_pavilions, portal_sewer_entry_a, uniq_edmund
D:7:      layout_basic, elyvilon_altar_3, minmay_temple_entry_purple_smoke
D:8:      layout_basic, minmay_lair_entry_grove, uniq_prince_ribbit1
D:9:      layout_cave_pods, grunt_temple_overflow_open
D:10:     layout_loops_ring, trog_ov_bears_minmay,
          mainiacjoe_overflow_divided_tiny, bh_walls_and_bars
D:11:     layout_rooms, erik_orc_1, nicolae_transporter_intersection
D:12:     layout_rooms, special_room [special_room_bee],
          nicolae_shop_firing_range
D:13:     layout_basic, ximxim_vaults_locker_room
D:14:     nzn_winding_woodlands_large [nzn_winding_woodlands_5x5_open_star,
          nzn_winding_woodlands_5x15_cabin,
          nzn_winding_woodlands_5x5_closed_star,
          nzn_winding_woodlands_center_lodge,
          nzn_winding_woodlands_15x15_five_gardens,
          nzn_winding_woodlands_center_triple_pond,
          nzn_winding_woodlands_5x5_cross, nzn_winding_woodlands_5x15_parted,
          nzn_winding_woodlands_5x5_perimeter], layout_rooms, nrook_uturn,
          minmay_misc_feat_chi, uniq_snorg, uniq_frances, uniq_josephine
D:15:     grunt_enter_depths_giant_problem, layout_cave_pools,
          okawaru_gym_becter, portal_ice_cave_entry_pillars_2,
          nicolae_eternal_life, uniq_rupert
Temple:   nicolae_temple_no_exploring_needed
Lair:1:   hellmonk_destroyed_diamonds, layout_regular_city,
          eino_small_chamber_without_monster, serial_bayou_pond_e,
          lemuel_fruit_fields
Lair:2:   layout_regular_city, serial_bayou_shore_a, grunt_megastairs_5
Lair:3:   regret_index_wax_grids, layout_loops_ring,
          nicolae_swamp_entry_splash_gauntlet, nicolae_spider_entry_orb_guardian
Lair:4:   layout_cave_pods
Lair:5:   wormcave, layout_hall_layers, hangedman_lair_caniforms_friends,
          dpeg_slime_entry_enclosed
Swamp:1:  layout_basic_swamp, ebering_ghost_funeral_grove, nicolae_swamp_oxbows,
          swamp_pool5, uniq_jorgrun, uniq_roxanne
Swamp:2:  layout_basic_swamp, evilmike_swamp_ruin_house_3, swamp_pool3
Swamp:3:  layout_basic_swamp, gammafunk_ghost_cemetery,
          evilmike_swamp_ruin_rubble_2
Swamp:4:  swamp_alternative, layout_basic_swamp
Spider:1: cheibrodos_spider_silkery
Spider:2: layout_chambers
Spider:3: layout_cave_pods, ebering_ghost_rock_garden
Spider:4: hellmonk_spider_rune_bug_friends, uniq_louise
Orc:1:    layout_diamond_mine, basic_altar
Orc:2:    grunt_orc_gardens, layout_caves, grunt_orc_garden, grunt_orc_garden,
          grunt_orc_garden, grunt_orc_garden, nooodl_orcs_dogs
Vaults:1: nicolae_vaults_diamond_1, nicolae_vaults_sesquioval_fish,
          dpeg_vaults_waves, nicolae_vaults_network_periphery,
          nicolae_vaults_inception_statues,
          nicolae_vaults_taking_the_gang_shopping, vaults_room_corners,
          vaults_dpeg_spiral, hangedman_vaults_stagger, grunt_vaults_swirl,
          nicolae_vaults_offset_grid_hallway_3, nicolae_vaults_octothorpe,
          vaults_mumra_chevron_long, ontoclasm_vaults_gateway,
          layout_vaults_maze
Vaults:2: nicolae_vaults_shrinking_rooms_2, nicolae_vaults_network_quincunx
          [nicolae_vaults_network_quincunx_subvault,
          nicolae_vaults_network_quincunx_subvault,
          nicolae_vaults_network_quincunx_subvault,
          nicolae_vaults_network_quincunx_subvault,
          nicolae_vaults_network_quincunx_subvault],
          nicolae_vaults_steering_wheel, v_misc_12, ontoclasm_vaults_eye,
          nicolae_vaults_little_ls, hangedman_vaults_slice,
          nicolae_vaults_house_1, nicolae_vaults_gold_heap,
          nicolae_vaults_trapezoid_lopsided_3, layout_vaults_omnicross,
          serial_shops
Vaults:3: nicolae_vaults_big_ls, nicolae_vaults_theta,
          ontoclasm_vaults_shuriken, v_misc_25,
          minmay_crypt_entry_simple_statues, nicolae_vaults_stepped_doors,
          v_misc_14, nicolae_vaults_trapezoid_4, vaults_room_glass_cross,
          nicolae_vaults_network_barrier, nicolae_vaults_storage_closets_3,
          layout_vaults_ring, uniq_donald, uniq_nikola
Vaults:4: hangedman_vaults_corner, vaults_dpeg_diagonal, vaults_room_corners,
          nicolae_vaults_little_squares_3, nicolae_vaults_tangram_2,
          vaults_room_fours, vaults_dpeg_cross,
          nicolae_vaults_closet_pinwheel_2, nicolae_vaults_tetromino_T_1,
          layout_vaults_big_room, serial_shops, shop, shop, shop, shop,
          nicolae_shop_back_alley_shop
Depths:1: layout_basic, rand_demon_pan_entry_4, pf_coc_iceberg,
          kennysheep_donut, grunt_ministairs_2,
          hellmonk_guarded_unrand_dark_maul

Skill      XL: |  1  2  3  4  5  6  7  8  9 10 11 12 13 14 15 16 17 18 19 20 21 22 |
---------------+-------------------------------------------------------------------+-----
Stealth        | 1 2 3 4 5 6 |  6.0
Armour         | 4 5 5 6 8 11 13 14 16 | 16.8
Fighting       | 4 5 7 9 10 11 12 13 14 15 16 | 16.8
Shields        | 5 6 5 6 8 10 12 13 14 16 | 16.0
Axes           | 3 4 6 8 9 10 13 14 16 17 19 20 | 20.0
Evocations     | 2 4 3 4 6 8 11 12 | 12.0
Dodging        | 1 3 3 4 5 6 7 |  7.7
Ranged Weapons | 2 4 5 6 |  6.0
Transmutations | 5 8 |  8.0
Spellcasting   | 2 3 |  3.0
Throwing       | 2 6 9 10 | 10.0

Action                     |  1- 3 |  4- 6 |  7- 9 | 10-12 | 13-15 | 16-18 | 19-21 | 22-24 || total
---------------------------+-------+-------+-------+-------+-------+-------+-------+-------++-------
  Melee: War axe           |    75 |   181 |   299 |   691 |   293 |       |       |       ||  1539
         Battleaxe         |       |       |       |       |  1572 |  1505 |  1876 |   442 ||  5395
   Fire: Shortbow          |       |       |       |   194 |   183 |       |       |       ||   377
         Arbalest          |       |       |       |       |    81 |   242 |    29 |       ||   352
  Throw: Dart              |       |       |     5 |    17 |       |    54 |   122 |     1 ||   199
         Boomerang         |       |       |       |       |       |     2 |     3 |     5 ||    10
         Throwing net      |       |       |       |       |       |       |       |     1 ||     1
   Cast: Wereblood         |       |       |       |       |       |     5 |    84 |    23 ||   112
 Invoke: Sacrifice Skill   |       |       |       |     1 |       |       |       |       ||     1
         Sacrifice Arcana  |       |       |       |     1 |       |       |       |       ||     1
         Sacrifice Courage |       |       |       |       |     1 |       |       |       ||     1
         Sacrifice an Eye  |       |       |       |       |     1 |       |       |       ||     1
         Apocalypse        |       |       |       |       |     3 |     9 |     4 |     2 ||    18
         Sacrifice Words   |       |       |       |       |     1 |       |       |       ||     1
         Sacrifice Love    |       |       |       |       |     1 |       |       |       ||     1
         Draw Out Power    |       |       |       |       |       |     2 |       |       ||     2
Ability: Dig               |       |       |       |     2 |     2 |     1 |       |       ||     5
         Shaft Self        |       |       |       |     1 |       |     2 |       |       ||     3
  Evoke: Wand              |       |       |     9 |     1 |     3 |    12 |     4 |     1 ||    30
         Phial of floods   |       |       |       |       |       |     2 |     2 |     1 ||     5
    Use: Scroll            |       |       |    10 |     8 |    13 |     1 |     3 |       ||    35
         Potion            |       |       |       |     7 |     2 |     4 |     1 |     1 ||    15
   Stab: Sleeping          |       |       |     3 |       |       |       |       |       ||     3
         Invisible         |       |       |     1 |     1 |     6 |     6 |    17 |     4 ||    35
         Distracted        |       |       |       |     2 |    12 |    14 |    10 |     1 ||    39
         Paralysed         |       |       |       |       |     5 |    27 |    11 |     1 ||    44
         Held in net/web   |       |       |       |       |       |       |     1 |       ||     1
 Armour: Scale mail        |    38 |    74 |       |       |       |       |       |       ||   112
         Crystal plate arm |       |    26 |       |       |       |       |       |       ||    26
         Ring mail         |       |     3 |   146 |   191 |   105 |       |       |       ||   445
         Plate armour      |       |       |       |       |   612 |   579 |   604 |   164 ||  1959
  Dodge: Dodged            |    43 |    84 |   154 |   364 |   908 |   548 |   709 |   172 ||  2982
  Block: Buckler           |    21 |    56 |    92 |   102 |       |       |       |       ||   271
         Kite shield       |       |       |       |    84 |  1002 |   907 |   902 |   233 ||  3128
         Reflection        |       |       |       |       |       |    17 |     4 |     8 ||    29

Table legend: (Time is in decaauts)
 A = Elapsed time spent in this place.
 B = Non-inter-level travel time spent in this place.
 C = Inter-level travel time spent in this place.
 D = Time resting spent in this place.
 E = Time spent auto-exploring this place.
 F = Levels seen in this place.
 G = Mean time per level.
                   A        B        C        D        E       F      G
               +--------+--------+--------+--------+--------+-----+--------+
         Total |  58658 |  54515 |   4143 |    413 |  39209 |  38 | 1543.6 |
       Dungeon |  18876 |  17138 |   1738 |    409 |  12117 |  15 | 1258.4 |
        Temple |     17 |     10 |      7 |      0 |      0 |   1 |   17.0 |
          Lair |  11328 |  10687 |    641 |      3 |   7380 |   5 | 2265.6 |
         Swamp |   6462 |   6017 |    445 |      0 |   4277 |   4 | 1615.5 |
   Spider Nest |   7481 |   6918 |    563 |      0 |   5129 |   4 | 1870.2 |
  Orcish Mines |   3197 |   2962 |    235 |      0 |   1966 |   2 | 1598.5 |
        Vaults |  10620 |  10109 |    511 |      1 |   7979 |   4 | 2655.0 |
        Depths |    279 |    279 |      0 |      0 |    136 |   1 |  279.0 |
         Sewer |    261 |    261 |      0 |      0 |    179 |   1 |  261.0 |
      Ice Cave |    134 |    134 |      0 |      0 |     44 |   1 |  134.0 |
               +--------+--------+--------+--------+--------+-----+--------+

Top non-repeatable levels by time:
Vaults:1: 3854 daAuts
Vaults:3: 3128 daAuts
  Lair:5: 2784 daAuts
  Lair:3: 2636 daAuts
  Lair:2: 2509 daAuts
    D:15: 2379 daAuts
Spider:3: 2177 daAuts
   Orc:2: 2008 daAuts
 Swamp:1: 2004 daAuts
Spider:2: 2002 daAuts
Vaults:2: 1996 daAuts
  Lair:4: 1900 daAuts
Spider:4: 1787 daAuts
    D:13: 1707 daAuts
    D:14: 1705 daAuts
